cohdb
Replays
Latest Replays
All Replays
Popular Replays
Top Player Replays
Match Explorer
How It Works
Community
CoH3 Stats
Reddit
Sign in to upload your games and track your stats! →
Sign in with Steam
Match 42956204
Unlisted
Match 42956204
Overview
Messages
Build Orders
End
Selects Italian Combined Arms Battlegroup
Selects Bersaglieri Squad
Bersaglieri Squad
Panzerpioneer Squad
Bersaglieri Squad
Construct Light Support Kompanie
Bersaglieri Squad
Selects Bersaglieri Bolster
Fire Support Elements
Panzerjäger Squad
2.5-tonne Medical Truck
Bersaglieri Squad
Construct Mechanized Kompanie
Veteran Squad Leaders
Selects Semovente da 75/18 Assault Gun
Semovente da 75/18 Assault Gun
Selects Carro Armato M13/40 Light Tank
2.5-tonne Medical Truck
18-tonne Recovery Half-track
Selects Pact of Steel
Ja_Ger
Dr Jello
Valar[M]orgHulis
Bartolomeus
AceRobby
✠ Hasi ✠
Jackatm
Commander Z
0
0
Comments
sign in to comment!
No comments posted yet!